 Dungeon Crawl Stone Soup version 0.30-a0-374-g95c0257040 (webtiles) character file.

Game seed: 10039992697279128781

25801 Bnni the Fighter (level 13, -10/107 HPs)
             Began as a Formicid Fighter on Nov 25, 2022.
             Was an Initiate of Yredelemnul.
             Mangled by a skeletal warrior
             ... wielding a +3 dire flail
             ... led by a death knight
              (23 damage)
             ... on level 13 of the Dungeon.
             The game lasted 00:42:30 (15408 turns).

Bnni the Fighter (Formicid Fighter)                Turns: 15408, Time: 00:42:31

Health: -10/107    AC: 20    Str: 23    XL:     13   Next: 53%
Magic:  40/40      EV:  8    Int: 15    God:    Yredelemnul [......]
Gold:   594        SH:  5    Dex: 13    Spells: 9/24 levels left

rFire   . . .      SeeInvis +    N - +3 trident
rCold   + + .      Faith    +    c - +0 buckler
rNeg    . . .      Spirit   .    U - +1 chain mail of the Enchanted Forest {rC+ MP+9 Int+4}
rPois   .          Reflect  .    (helmet unavailable)
rElec   .          Harm     .    t - +0 cloak
rCorr   .          Rampage  .    D - +2 pair of gloves
Will    .....                    i - +1 pair of boots {Fly}
Stlth   ..........               q - amulet of faith
HPRegen 0.37/turn                y - ring of protection from cold
MPRegen 0.27/turn                C - ring of magical power

@: weak-willed, flying, invisible
A: permanent stasis, dig shafts and tunnels, antennae 3, four strong arms
a: Dig, Shaft Self, Renounce Religion, Recall Undead Harvest


You were on level 13 of the Dungeon.
You worshipped Yredelemnul.
Yredelemnul was aware of your devotion.
You visited 2 branches of the dungeon, and saw 14 of its levels.
You also visited: Bailey and Gauntlet.

You collected 965 gold pieces.
You spent 371 gold pieces at shops.

Inventory:

Hand Weapons
 a - a +0 glaive
 n - a +0 scimitar of flaming
 N - a +3 trident (weapon)
 O - a +4 halberd
 Z - a +2 halberd of freezing
Missiles
 d - a curare-tipped dart (quivered)
 s - 12 javelins
 M - a throwing net
Armour
 c - a +0 buckler (worn)
 i - a +1 pair of boots of flying (worn)
 t - a +0 cloak (worn)
 D - a +2 pair of gloves (worn)
 S - a +0 crystal plate armour
 U - the +1 chain mail of the Enchanted Forest (worn) {rC+ MP+9 Int+4}
   (You bought it in a shop on level 4 of the Dungeon)

   Int:       It affects your intelligence (+4).
   rC:        It protects you from cold.
   MP:        It affects your magic capacity (+9).
Magical Staves
 x - a staff of poison
Jewellery
 q - an amulet of faith (around neck)
 y - a ring of protection from cold (left hand)
 C - a ring of magical power (right hand)
 H - a ring of positive energy
 W - a ring of resist corrosion
Wands
 A - a wand of flame (30)
 Q - a wand of acid (5)
 V - a wand of mindburst (20)
 X - a wand of charming (8)
Scrolls
 b - 3 scrolls of poison {unknown}
 e - 2 scrolls of amnesia {unknown}
 h - 2 scrolls of fog {unknown}
 k - 3 scrolls of fear {unknown}
 m - 5 scrolls of blinking {unknown}
 u - 2 scrolls of vulnerability {unknown}
 v - 5 scrolls of enchant armour
 w - a scroll of brand weapon {unknown}
 z - 4 scrolls of teleportation {unknown}
 E - 3 scrolls of noise {unknown}
 F - a scroll of magic mapping
 G - a scroll of acquirement {unknown}
 I - a scroll of immolation {unknown}
 R - 4 scrolls of enchant weapon
 T - 4 scrolls of summoning
Potions
 f - a potion of attraction
 g - a potion of invisibility
 j - 4 potions of mutation
 l - 6 potions of curing
 o - a potion of might
 r - 2 potions of heal wounds
 B - 6 potions of brilliance
 J - 2 potions of cancellation
 L - 3 potions of magic
 P - 4 potions of resistance {unknown}
 Y - a potion of berserk rage {unknown}


   Skills:
 + Level 11.7 Fighting
 - Level 5.1 Polearms
 - Level 0.6(3.2) Staves
 * Level 11.2 Armour
 - Level 5.0 Shields
 - Level 6.3 Spellcasting
 + Level 10.2 Transmutations
 - Level 10.0 Poison Magic
 + Level 10.5 Invocations


You had 9 spell levels left.
You knew the following spells:

 Your Spells              Type           Power      Damage    Failure   Level
a - Olgreb's Toxic Radia  Pois           34%        N/A       16%         4
c - Alistair's Intoxicat  Tmut/Pois      23%        N/A       38%         5
g - Eringya's Noxious Bo  Tmut/Pois      17%        N/A       92%         6

Your spell library contained the following spells:

 Spells                   Type           Power      Damage    Failure   Level
 Sting                    Tmut/Pois      100%       1d8       1%          1
 Wereblood                Tmut           35%        N/A       2%          2
 Passwall                 Tmut/Erth      16%        N/A       17%         2
 Poisonous Vapours        Pois/Air       38%        N/A       19%         2
 Freeze                   Ice            16%        1d4       67%         1
 Ensorcelled Hibernation  Hex/Ice        8%         N/A       82%         2
 Sublimation of Blood     Necr           4%         N/A       82%         2
 Dazzling Flash           Conj/Hex       8%         N/A       96%         3
 Frozen Ramparts          Ice            8%         1d2       96%         3
 Hailstorm                Conj/Ice       4%         3d4       96%         3
 Agony                    Necr           4%         N/A       100%        5
 Borgnjor's Vile Clutch   Necr/Erth      2%         N/A       100%        5
 Silence                  Hex/Air        2%         N/A       100%        5
 Summon Hydra             Summ           2%         N/A       100%        7
 Swiftness                Air            Unusable   N/A       N/A         3

Dungeon Overview and Level Annotations

Branches:
Dungeon (13/15)            Temple (1/1) D:4            Lair (0/5) D:11
    Orc (0/2) D:9          Bailey (visited)         Gauntlet (visited)
 Vaults: D:13-14

Altars:
Ashenzari
Cheibriados
Dithmenos
Elyvilon
Fedhas
Gozag
Hepliaklqana
Kikubaaqudgha
Makhleb
Nemelex Xobeh
Okawaru
Qazlal
Ru
Sif Muna
Trog
Uskayaw
Vehumet
Wu Jian
Xom
Yredelemnul
Zin
The Shining One

Shops:
D:4 [*[(   D:6 :   D:9 (   D:11 !

Annotations:
D:10 3 runed translucent doors, Heedrag's ghost, novice MiFi


Innate Abilities, Weirdness & Mutations

You cannot be hasted, slowed, berserked, paralysed or teleported.
You can dig through walls and to a lower floor.
You have a pair of large antennae on your head. (SInv)
Your four strong arms can wield two-handed weapons with a shield.


Message History

The skeletal warrior struggles against the net.
Unknown command.
You barely miss the skeletal warrior.
The skeletal warrior is heavily damaged.
The phantasmal warrior hits you!
* * * LOW HITPOINT WARNING * * *
The skeletal warrior struggles against the net.
Unknown command.
You fade into invisibility!
The phantasmal warrior hits you.
* * * LOW HITPOINT WARNING * * *
The freezing wraith hits you.
* * * LOW HITPOINT WARNING * * *
The freezing wraith freezes you. You resist.
* * * LOW HITPOINT WARNING * * *
The freezing wraith hits you but does no damage.
The skeletal warrior struggles against the net.
It was a potion of heal wounds.
You feel much better.
The freezing wraith hits you but does no damage. x2
The phantasmal warrior hits you!!
* * * LOW HITPOINT WARNING * * *
The skeletal warrior struggles against the net.
You feel much better.
You block the phantasmal warrior's attack.
The freezing wraith closely misses you. You block the freezing wraith's attack.
The skeletal warrior struggles against the net.
The net rips apart, and the skeletal warrior comes free!
The phantasmal warrior attacks as you move away!
The phantasmal warrior hits you.
* * * LOW HITPOINT WARNING * * *
The phantasmal warrior gestures at you.
The phantasmal warrior blinks!
Are you sure you want to shaft yourself?
The phantasmal warrior hits you!
* * * LOW HITPOINT WARNING * * *
The freezing wraith barely misses you.
The freezing wraith hits you but does no damage.
The skeletal warrior hits you with a +3 dire flail!!
You die...
Your body rises from the dead as a mindless zombie.

...........................#
)..........................#
.....###......##.##.##.#####
.....###......#####.#####..#
.......................Z....
............................
..........ยง.................
..........z.................
..........W@................
..##..####.W.....###########
. #.. #####+### .... { ..{.
....


You could see a skeletal warrior (unable to see you), a phantasmal warrior and a
freezing wraith.

Vanquished Creatures
  A minotaur (Gauntlet)
  A centaur warrior (D:9)
  3 two-headed ogres
  A boulder beetle (D:9)
  An ugly thing (D:9)
  A manticore (D:11)
  2 orc knights (Bailey)
  A moth of wrath (Gauntlet)
  A torpor snail (Gauntlet)
  Maggie (D:6)
  2 komodo dragons (D:11)
  A tengu conjurer (D:9)
  3 trolls
  A hornet (D:8)
  A polar bear (D:11)
  2 slime creatures (D:10)
  A centaur simulacrum (Gauntlet)
  A shadow (D:9)
  2 wraiths
  A wyvern (D:9)
  7 yaks (D:9)
  A human (D:5)
  Eustachio (D:6)
  4 steam dragons
  Edmund (D:4)
  A water moccasin (D:7)
  6 orc warriors (Bailey)
  3 ice beasts
  A sky beast (D:7)
  2 ogres
  A centaur (D:9)
  8 wolves (Gauntlet)
  A spectral rime drake (Gauntlet)
  2 phantoms
  A bullfrog (D:7)
  2 necrophages
  Blork the orc (D:6)
  A scorpion (D:4)
  8 wights
  15 killer bees
  5 howler monkeys
  A human zombie (D:5)
  3 hounds
  Crazy Yiuf (D:3)
  A gnoll bouda (D:5)
  2 iguanas
  2 jellies
  6 orc priests
  6 orc wizards
  4 adders
  8 gnolls
  A shadow imp (D:5)
  3 white imps
  2 ufetubi (D:5)
  2 worms
  2 dart slugs
  47 orcs
  4 ball pythons
  4 bats
  10 endoplasms
  4 giant cockroaches (D:3)
  12 goblins
  6 hobgoblins
  14 jackals
  8 kobolds
  3 quokkas
  A frilled lizard (D:3)
  4 rats
  A spectral orc (D:11)
262 creatures vanquished.

Vanquished Creatures (collateral kills)
  A fire dragon (shapeshifter) (D:9)
  4 slime creatures
  2 two-headed ogres
  3 boulder beetles
  A death scarab (Gauntlet)
  A deep elf pyromancer (D:13)
  2 manticores
  A rime drake (D:11)
  3 trolls
  2 centaur simulacra (Gauntlet)
  A shadow (D:9)
  3 wraiths
  3 yaks (D:9)
  A steam dragon (D:9)
  2 ice beasts (D:11)
  3 orc warriors
  A meliai simulacrum (Gauntlet)
  4 wolves (Gauntlet)
  A centaur (D:10)
  A kobold brigand (D:9)
  3 wights (D:7)
  A hornet simulacrum (Gauntlet)
  2 killer bees (D:10)
  3 howler monkeys
  A jelly (D:6)
  An orc priest (D:10)
  3 orc wizards
  A shadow imp (D:8)
  An orc (D:10)
56 creatures vanquished.

Vanquished Creatures (others)
  A centaur zombie (D:9)
  A moth of wrath zombie (Gauntlet)
  A vampire (D:11)
  A spectral troll (D:13)
  2 slime creature zombies (D:10)
  A manticore zombie (D:13)
  A water moccasin zombie (D:7)
  A polar bear zombie (D:11)
  6 yak zombies (D:9)
  8 wolf zombies (Gauntlet)
  A jelly (D:5)
  11 killer bee zombies
  A kobold zombie (D:9)
  2 ice beast zombies (D:11)
  4 howler monkey zombies
  A human zombie (D:6)
  2 steam dragon zombies (D:9)
  An iguana zombie (D:5)
  A jelly zombie (D:5)
  A spectral white imp (D:7)
  A spectral shadow imp (D:8)
  3 gnoll zombies (D:5)
  23 orc zombies
  A plant (D:4)
76 creatures vanquished.

Grand Total: 394 creatures vanquished

Notes
Turn   | Place    | Note
-------+----------+-------------------------------------------
     0 | D:1      | Bnni the Formicid Fighter began the quest for the Orb.
     0 | D:1      | Reached XP level 1. HP: 18/18 MP: 1/1
    87 | D:1      | Reached XP level 2. HP: 24/24 MP: 2/2
   287 | D:1      | Reached XP level 3. HP: 29/29 MP: 3/3
   790 | D:2      | Reached XP level 4. HP: 34/37 MP: 4/4
  1147 | D:3      | Found a shimmering altar of Xom.
  1186 | D:3      | Reached XP level 5. HP: 14/42 MP: 5/5
  1337 | D:3      | Reached skill level 5 in Shields
  1570 | D:3      | Learned a level 4 spell: Olgreb's Toxic Radiance
  1612 | D:3      | Found a faded altar of an unknown god.
  1786 | D:3      | Found a blossoming altar of Fedhas.
  1850 | D:3      | Found a runed translucent door.
  1851 | D:3      | Noticed Crazy Yiuf
  1858 | D:3      | Killed Crazy Yiuf
  1859 | D:3      | Reached skill level 1 in Poison Magic
  2167 | D:4      | Reached XP level 6. HP: 46/49 MP: 6/6
  2184 | D:4      | Found a staircase to the Ecumenical Temple.
  2211 | Temple   | Entered the Ecumenical Temple
  2312 | D:4      | Found Hinapnaf's Assorted Antiques.
  2378 | D:4      | Identified the +4 flail of Vanity {vorpal, Will++ Int+3}
  2382 | D:4      | Found Urhean's Antique Weapon Boutique.
  2395 | D:4      | Reached skill level 5 in Polearms
  2528 | D:4      | Found Eliviuj's Antique Armour Shop.
  2540 | D:4      | Bought a crude leather armour for 161 gold pieces
  2540 | D:4      | Identified the +1 leather armour of Integrity {rN+} (You
                  | bought it in a shop on level 4 of the Dungeon)
  2862 | D:4      | Found Ylim's Armour Boutique.
  2985 | D:4      | Noticed Edmund
  3018 | D:4      | Killed Edmund
  3019 | D:4      | Reached skill level 5 in Fighting
  3019 | D:4      | Reached XP level 7. HP: 22/56 MP: 7/7
  3272 | D:5      | Entered Level 5 of the Dungeon
  3418 | D:5      | Found a large runed translucent door.
  3418 | D:5      | Found a large runed translucent door.
  3783 | D:5      | HP: 1/56 [orc priest/divine providence (11)]
  3790 | D:5      | Reached skill level 1 in Spellcasting
  3936 | D:5      | Found a runed translucent door.
  3936 | D:5      | Noticed a human
  3937 | D:5      | Found a basalt altar of Yredelemnul.
  3947 | D:5      | Reached skill level 5 in Poison Magic
  3983 | D:5      | Reached XP level 8. HP: 60/64 MP: 10/10
  3997 | D:5      | Killed a human
  4010 | D:5      | Became a worshipper of Yredelemnul the Dark
  4220 | D:5      | Found a sacrificial altar of Ru.
  4526 | D:5      | Reached * piety under Yredelemnul
  4910 | D:5      | Learned a level 6 spell: Eringya's Noxious Bog
  4949 | D:6      | Noticed Blork the orc
  5214 | D:6      | Killed Blork the orc
  5303 | D:6      | Noticed Maggie
  5305 | D:6      | Reached ** piety under Yredelemnul
  5352 | D:6      | Noticed Eustachio
  5387 | D:6      | HP: 3/65 [shadow imp/nerve-wracking pain[Eustachio] (14)]
  5393 | D:6      | Killed Eustachio
  5394 | D:6      | Reached skill level 1 in Invocations
  5394 | D:6      | Reached XP level 9. HP: 12/71 MP: 14/14
  5716 | D:6      | Your ally Eustachio died
  5725 | D:6      | Killed Maggie
  6386 | D:6      | Found Unaex's Tremendous Tomes.
  6671 | D:7      | Reached skill level 1 in Transmutations
  6804 | D:7      | Found a white marble altar of Elyvilon.
  7265 | D:7      | Reached skill level 10 in Poison Magic
  7265 | D:7      | Reached XP level 10. HP: 74/80 MP: 17/17
  7741 | D:7      | Reached skill level 5 in Spellcasting
  8065 | D:8      | Found a flagged portal.
  8126 | Bailey   | Entered a bailey
  8185 | Bailey   | Reached skill level 5 in Invocations
  8313 | Bailey   | Noticed an orc knight
  8338 | Bailey   | Killed an orc knight
  8341 | Bailey   | Noticed an orc knight
  8361 | Bailey   | Killed an orc knight
  8362 | Bailey   | Reached skill level 5 in Transmutations
  8798 | D:8      | Noticed a two-headed ogre
  8809 | D:8      | Killed a two-headed ogre
  8810 | D:8      | Reached XP level 11. HP: 87/87 MP: 20/20
  9072 | D:5      | Found a glowing silver altar of Zin.
  9080 | D:5      | Found an ancient bone altar of Kikubaaqudgha.
  9140 | D:4      | Bought a scroll labelled SULI YSYKATEWO for 20 gold pieces
  9140 | D:4      | Bought a heavily runed chain mail for 190 gold pieces
  9140 | D:4      | Identified the +1 chain mail of the Enchanted Forest {rC+
                  | MP+9 Int+4} (You bought it in a shop on level 4 of the
                  | Dungeon)
  9157 | D:4      | Learned a level 5 spell: Alistair's Intoxication
  9389 | D:9      | Reached *** piety under Yredelemnul
  9389 | D:9      | Reached **** piety under Yredelemnul
  9622 | D:9      | Reached skill level 5 in Armour
  9854 | D:9      | Noticed a quicksilver ooze
  9870 | D:9      | a quicksilver ooze changed into a fire dragon
  9870 | D:9      | Noticed a fire dragon (shapeshifter)
  9870 | D:9      | Noticed a centaur warrior
  9876 | D:9      | Killed a fire dragon
  9881 | D:9      | Killed a centaur warrior
  9893 | D:9      | Noticed a purple ugly thing
  9900 | D:9      | Killed a purple ugly thing
 10141 | D:9      | Noticed a boulder beetle
 10154 | D:9      | Killed a boulder beetle
 10474 | D:9      | Reached skill level 10 in Fighting
 10558 | D:9      | Reached XP level 12. HP: 71/97 MP: 21/21
 10658 | D:9      | Found a hide-covered altar of Uskayaw.
 10742 | D:9      | Found a radiant altar of Vehumet.
 10793 | D:9      | Found Zuarafal's Weapon Shop.
 10795 | D:9      | Found a staircase to the Orcish Mines.
 10939 | D:10     | Entered Level 10 of the Dungeon
 11159 | D:10     | Noticed a two-headed ogre
 11170 | D:10     | Killed a two-headed ogre
 11362 | D:10     | Found a runed translucent gate.
 11362 | D:10     | Found a runed translucent gate.
 11363 | D:10     | Found a runed translucent gate.
 11364 | D:10     | Noticed Heedrag's ghost (novice MiFi)
 11512 | D:10     | Reached ***** piety under Yredelemnul
 12232 | D:11     | Noticed a two-headed ogre
 12241 | D:11     | Killed a two-headed ogre
 12308 | D:11     | Found Riazegge's Distillery.
 12411 | D:11     | Found a basalt altar of Yredelemnul.
 12503 | D:11     | Noticed a two-headed ogre
 12512 | D:11     | Killed a two-headed ogre
 12616 | D:11     | Found a staircase to the Lair.
 12669 | D:11     | Noticed a boulder beetle
 12682 | D:11     | Killed a boulder beetle
 13086 | D:12     | Noticed a boulder beetle
 13095 | D:12     | Killed a boulder beetle
 13463 | D:12     | Reached XP level 13. HP: 106/106 MP: 22/22
 13773 | D:12     | Reached skill level 10 in Armour
 14196 | D:13     | Reached skill level 10 in Invocations
 14299 | D:13     | Found a gate leading to a gauntlet.
 14337 | Gauntlet | Entered a Gauntlet
 14337 | Gauntlet | Found a transporter.
 14337 | Gauntlet | Found a transporter.
 14339 | Gauntlet | Found a transporter.
 14343 | Gauntlet | Found a transporter.
 14358 | Gauntlet | Found a transporter.
 14359 | Gauntlet | Found a transporter.
 14368 | Gauntlet | Found a transporter.
 14374 | Gauntlet | Found a transporter.
 14391 | Gauntlet | Found a transporter.
 14399 | Gauntlet | Found a transporter.
 14416 | Gauntlet | Found a transporter.
 14495 | Gauntlet | Found a transporter.
 15008 | Gauntlet | Reached skill level 10 in Transmutations
 15071 | Gauntlet | Identified the +0 hat "Offagiaz" {SInv}
 15254 | Gauntlet | Noticed a minotaur
 15264 | Gauntlet | Killed a minotaur
 15404 | D:13     | HP: 4/107 [freezing wraith[a death knight] (6)]
 15408 | D:13     | Mangled by a skeletal warrior

Illustrated notes

Levels and vault maps discovered:
D:1:      scummos_arrival_gate, layout_rooms
D:2:      layout_rooms, kennysheep_flooded_box, wad_floor_pattern_2
D:3:      layout_rooms, xom_confusion_cloud, nicolae_overflow_crystal_walls,
          hellmonk_ecumenical_altar_heavens_door,
          minmay_fractal_squares_diagonal_5, uniq_crazy_yiuf_cottage
D:4:      layout_basic, minmay_temple_entry_glass, serial_shops,
          nicolae_shop_overgrown_old_shop, nicolae_shop_overgrown_old_shop,
          shop, nicolae_take_the_stairs, minmay_misc_feat_plants, uniq_edmund
D:5:      layout_gridville, dk_yredelemnul_ordeal,
          nicolae_ru_the_path_less_chosen, jmf_multi_god_temple2,
          lemuel_flame_loot_1
D:6:      layout_gridville, chequers_serial_rivers_micro_e,
          hangedman_decor_riveting, nicolae_shop_i_like_big_books,
          uniq_eustachio, uniq_maggie, uniq_blork_the_orc
D:7:      layout_basic, mainiacjoe_overflow_six_doors_small
D:8:      layout_cave_pools, enter_bailey_5, minmay_misc_feat_iff
D:9:      minmay_the_grid_square_5x5_3x3 [minmay_the_grid_square_5x5_meh,
          minmay_the_grid_square_5x5_inner_i, minmay_the_grid_square_5x5_spiral,
          minmay_the_grid_square_5x5_inverted_slash,
          minmay_the_grid_square_5x5_megaprize_crossed,
          minmay_the_grid_square_5x5_intrusive_squares,
          minmay_the_grid_square_5x5_gyroscope, minmay_the_grid_square_5x5_two,
          minmay_the_grid_square_5x5_mess], layout_basic,
          mainiacjoe_overflow_two_lobes, orc_david_3
D:10:     layout_rooms, gammafunk_ghost_spectres
D:11:     layout_small_grid, hellmonk_lair_entry_icy, serial_shops,
          nicolae_diamond_shop, grunt_decor_cap,
          yredelemnul_forgotten_temple_becter
D:12:     layout_irregular_city
D:13:     layout_stronghold, gauntlet_entry_generic
Temple:   nicolae_temple_god_jail

Skill      XL: |  1  2  3  4  5  6  7  8  9 10 11 12 13 |
---------------+----------------------------------------+-----
Polearms       | 3 4 5 |  5.1
Fighting       | 4 5 6 7 8 10 11 | 11.7
Shields        | 5 |  5.0
Poison Magic   | 1 3 5 8 10 | 10.0
Spellcasting   | 1 3 4 6 |  6.3
Invocations    | 1 3 6 8 9 10 | 10.5
Transmutations | 2 6 8 9 10 | 10.2
Armour         | 6 9 11 | 11.2
Staves         | |  0.6

Action                   |  1- 3 |  4- 6 |  7- 9 | 10-12 | 13-15 || total
-------------------------+-------+-------+-------+-------+-------++-------
Melee: Trident           |    97 |   184 |   247 |   303 |    86 ||   917
       Dagger            |       |       |   108 |       |       ||   108
       Staff             |       |       |     2 |    44 |       ||    46
Throw: Dart              |       |     2 |     9 |       |       ||    11
       Throwing net      |       |       |     2 |       |     3 ||     5
       Javelin           |       |       |     2 |       |       ||     2
 Cast: Olgreb's Toxic Ra |       |       |     3 |    71 |    17 ||    91
Invok: Dark Bargain      |       |       |       |     2 |     1 ||     3
       Recall Undead Har |       |       |       |     1 |     1 ||     2
       Bind Soul         |       |       |       |     1 |       ||     1
 Abil: Dig               |       |       |     8 |       |     1 ||     9
       Shaft Self        |       |       |       |       |     1 ||     1
  Use: Potion            |       |     1 |     4 |     2 |     3 ||    10
       Scroll            |       |       |     5 |     3 |     2 ||    10
 Stab: Distracted        |       |       |     1 |     7 |       ||     8
       Held in net/web   |       |       |     2 |       |       ||     2
       Invisible         |       |       |       |     1 |       ||     1
Armor: Scale mail        |    39 |    22 |       |       |       ||    61
       Plate armour      |       |    40 |   189 |       |       ||   229
       Chain mail        |       |     5 |       |   115 |    56 ||   176
       Steam dragon scal |       |       |    10 |    20 |       ||    30
Dodge: Dodged            |    61 |    52 |   120 |   112 |    32 ||   377
Block: Buckler           |    34 |    33 |    70 |    59 |    23 ||   219

Table legend: (Time is in decaauts)
 A = Elapsed time spent in this place.
 B = Non-inter-level travel time spent in this place.
 C = Inter-level travel time spent in this place.
 D = Time resting spent in this place.
 E = Time spent auto-exploring this place.
 F = Levels seen in this place.
 G = Mean time per level.
                   A        B        C        D        E       F      G
               +--------+--------+--------+--------+--------+-----+--------+
         Total |  15505 |  14730 |    775 |   2750 |   8721 |  16 |  969.1 |
       Dungeon |  14027 |  13265 |    762 |   2047 |   8493 |  13 | 1079.0 |
        Temple |     53 |     40 |     13 |      0 |     28 |   1 |   53.0 |
        Bailey |    385 |    385 |      0 |    166 |      0 |   1 |  385.0 |
      Gauntlet |   1039 |   1039 |      0 |    537 |    200 |   1 | 1039.0 |
               +--------+--------+--------+--------+--------+-----+--------+

Top non-repeatable levels by time:
     D:5: 2360 daAuts
     D:9: 1671 daAuts
     D:7: 1311 daAuts
     D:4: 1205 daAuts
     D:6: 1094 daAuts
    D:11: 1088 daAuts
    D:10: 1050 daAuts
Gauntlet: 1039 daAuts
     D:3: 994 daAuts
    D:12: 916 daAuts
     D:8: 789 daAuts
     D:2: 655 daAuts
     D:1: 496 daAuts
    D:13: 394 daAuts
  Bailey: 385 daAuts
